 Dungeon Crawl Stone Soup version 0.21.2 (webtiles) character file.

175052 Delanovic the Warrior (level 18, 0/127 HPs)
             Began as a Gargoyle Fighter on Feb 23, 2019.
             Was a High Priest of the Shining One.
             Killed from afar by a Hell Sentinel (57 damage)
             ... with damnation
             ... summoned by a deep elf demonologist
             ... on level 3 of the Elven Halls.
             The game lasted 01:43:02 (38475 turns).

Delanovic the Warrior (Gargoyle Fighter)           Turns: 38475, Time: 01:43:03

Health: 0/127      AC: 35    Str: 28      XL:     18   Next: 8%
Magic:  23/26      EV:  8    Int:  7 (9)  God:    the Shining One [*****.]
Gold:   2471       SH:  0    Dex:  9      Spells: 17/17 levels left

rFire    + . .     SeeInvis .   n - +4 morningstar (protect)
rCold    . . .     Gourm    .   N - +0 large shield
rNeg     + + +     Faith    .   B - +1 ring mail {MR+}
rPois    ∞         Spirit   .   k - +2 helmet
rElec    +         Reflect  +   T - scarf {repulsion}
rCorr    .         Harm     .   C - +0 pair of gloves
MR       ++...                  l - +0 pair of boots
Stlth    ..........             Q - +4 amulet of reflection
HPRegen  0.31/turn              e - +3 ring of protection
MPRegen  0.20/turn              w - +1 ring of protection

@: confused, divine shield, glowing, studying Maces & Flails, repel missiles
A: big wings, rugged brown scales 1, deterioration 1, fire resistance 1,
negative energy resistance 1, electricity resistance, unbreathing, petrification
resistance, rot immunity, AC +13
a: Fly, Divine Shield, Cleansing Flame, Summon Divine Warrior, Renounce Religion


You were on level 3 of the Elven Halls.
You worshipped the Shining One.
The Shining One was extremely pleased with you.
You were hungry.

You visited 5 branches of the dungeon, and saw 26 of its levels.
You visited the Abyss 1 time.
You also visited: Labyrinth and Ice Cave.

You collected 2865 gold pieces.
You spent 394 gold pieces at shops.

Inventory:

Hand Weapons
 n - a +4 morningstar of protection (weapon)
 X - a +0 hand crossbow
Missiles
 s - a throwing net (quivered)
 v - 25 bolts
Armour
 k - a +2 helmet (worn)
 l - a +0 pair of boots (worn)
 B - a +1 ring mail of magic resistance (worn)
 C - a +0 pair of gloves (worn)
 F - the +8 ring mail of the Great Game {Int+6}
   (You found it on level 1 of the Lair of Beasts)

   It affects your intelligence (+6).
 N - a +0 large shield (worn)
 P - a +3 plate armour
 T - a scarf of repulsion (worn)
Jewellery
 e - a +3 ring of protection (left hand)
 w - a +1 ring of protection (right hand)
 J - an uncursed ring of protection from cold
 K - an uncursed amulet of faith {unknown}
 Q - a +4 amulet of reflection (around neck)
Wands
 d - a wand of digging (1)
 o - a wand of paralysis (18)
 t - a wand of flame (119)
 y - a wand of acid (7)
 z - a wand of disintegration (20)
 W - a wand of polymorph (16)
Scrolls
 a - 2 scrolls of magic mapping
 b - a scroll of summoning
 g - a scroll of brand weapon
 h - 14 scrolls of teleportation
 i - 8 scrolls of amnesia
 j - 10 scrolls of remove curse
 q - 9 scrolls of enchant armour
 u - a scroll of holy word
 x - 3 scrolls of blinking
 A - 2 scrolls of fear
 E - a scroll of fog
 G - 2 scrolls of silence
 U - a scroll of identify
Potions
 m - 2 potions of berserk rage
 p - 2 potions of brilliance
 D - 3 potions of haste
 H - 2 potions of agility
 I - 2 potions of lignification
 L - a potion of mutation
 M - 2 potions of cancellation
 O - 4 potions of curing
 R - 4 potions of magic
 S - a potion of might
 Y - a potion of ambrosia
Books
 V - a book of Summonings

   Spells                             Type                      Level
   a - Recall                         Summoning/Translocation      3
   b - Aura of Abjuration             Summoning                    5
   c - Summon Demon                   Summoning                    5
   d - Summon Forest                  Summoning/Translocation      5
   e - Summon Mana Viper              Hexes/Summoning              5
   f - Shadow Creatures               Summoning                    6
 Z - a manual of Maces & Flails
Miscellaneous
 c - a fan of gales
Comestibles
 f - 40 rations


   Skills:
 + Level 17.6 Fighting
 - Level 14.0 Maces & Flails
 + Level 15.7 Armour
 + Level 14.1 Shields
 + Level 11.8 Invocations
 + Level 8.3 Evocations


You had 17 spell levels left.
You didn't know any spells.

Dungeon Overview and Level Annotations

Branches:
Dungeon (14/15)            Temple (1/1) D:7            Lair (6/6) D:9
 Shoals (0/4) Lair:4        Snake (0/4) Lair:3        Slime (0/5) Lair:5
    Orc (2/2) D:11            Elf (3/3) Orc:2        Vaults (0/5) D:13

Altars:
Ashenzari
Cheibriados
Dithmenos
Elyvilon
Fedhas
Gozag
Hepliaklqana
Kikubaaqudgha
Makhleb
Nemelex Xobeh
Okawaru
Qazlal
Ru
Sif Muna
Trog
Uskayaw
Vehumet
Wu Jian
Xom
Yredelemnul
Zin
The Shining One
Beogh

Shops:
D:7 (   D:9 *   Orc:2 (*}*   Elf:3 (

Portals:
Pandemonium: Orc:2

Annotations:
D:14 exclusion: Roxanne, Roxanne
Lair:4 exclusion: oklob plant
Elf:3 Howlingfantods's ghost, adept MiFi


Innate Abilities, Weirdness & Mutations

You are resistant to torment.
Your stone body is resilient. (AC +13)
You are immune to poison.
Your large and strong wings let you fly indefinitely.
You resist negative energy. (rN+)
You are resistant to electric shocks. (rElec)
You can survive without breathing.
You are immune to petrification.
You are immune to rotting.
You are partially covered in rugged brown scales. (AC +1, +3% HP)
Your body sometimes deteriorates upon taking damage.
Your flesh is heat resistant. (rF+)


Message History

The Hell Sentinel gestures at you.
The iron shot reflects off an invisible shield around you!
The iron shot hits the Hell Sentinel.
The deep elf archer casts a spell at you.
You are confused.
You miss the deep elf archer.
The deep elf archer is severely wounded.
The orange demon disappears in a puff of smoke!
The deep elf archer unwields an uncursed shortbow.
The deep elf archer wields an uncursed dagger.
The deep elf archer hits you but does no damage.
The Hell Sentinel hits you but does no damage. x2
The deep elf archer blinks!
You feel much better.
The Hell Sentinel hits you but does no damage.
The Hell Sentinel hits you!
You bump into the rock wall.
The Hell Sentinel gestures at you.
The sphere of damnation explodes!
The damnation engulfs you!
You die...

..................^.<#
.....)............####
.....)..............#
...........#.......## #
...........##.....## .#
...........#####'## ###'##
...........# #.# #......
...........# #.# ##.......
...........#####@#####........
......)..e.'...§.13ee*2.......
.######.#####........ #.#
#........ #.# #........ #.#
#4.(..... #.# #........ #.#
#........ #.# #######'#


You could see a Hell Sentinel, a lorocyproca (invisible), a sun demon, a deep
elf demonologist, a deep elf archer, a deep elf mage and a battlesphere.

Vanquished Creatures
  Rupert (Lair:5)
  Agnes (Elf:2)
  An angel (Abyss:2)
  A frost giant (IceCv)
  The ghost of Delanovic the Blocker, a journeyman DDFi of Makhleb (Lair:5)
  2 deep elf annihilators
  Azrael (Elf:1)
  A dire elephant (Lair:6)
  Snorg (D:12)
  The ghost of icedog the Thaumaturge, a journeyman GnWr of Okawaru (Elf:1)
  An ettin (Orc:1)
  A deep elf death mage (Elf:3)
  A minotaur (Lab)
  2 vault guards
  5 hydras
  Erica (D:10)
  The ghost of Delanovic the Grappler, a novice NaFi of Cheibriados (D:8)
  An ice dragon (Lair:6)
  A catoblepas (Lair:4)
  7 two-headed ogres
  The ghost of Delanovic the Basher, a novice DgFi (D:9)
  6 death yaks
  3 orc high priests (Orc:2)
  28 dancing weapons
  A soul eater (Orc:2)
  19 deep elf knights
  Nergalle (D:12)
  A wretched star (Abyss:2)
  A sixfirhy (Orc:2)
  2 infernal demonspawn (Orc:2)
  4 unseen horrors
  A gelid demonspawn (Orc:2)
  4 wizards
  2 lindwurms (Lair:6)
  9 deep elf archers
  65 deep elf magi
  2 necromancers (D:13)
  4 orc knights (Orc:2)
  9 orc sorcerers
  A manticore (Lair:6)
  8 slime creatures
  2 ugly things
  An ice statue (IceCv)
  4 black mambas
  7 torpor snails
  Joseph (Lair:1)
  A rust devil (Orc:2)
  An apocalypse crab (Abyss:2)
  10 spiny frogs
  A smoke demon (Abyss:2)
  A yaktaur (D:13)
  A kobold demonologist (D:12)
  5 rime drakes
  4 komodo dragons
  An ice devil (Orc:2)
  3 trolls
  24 polar bears
  A merfolk (D:11)
  3 tyrant leeches (Lair:6)
  Grinder (D:6)
  7 hornets (Lair:6)
  3 raiju (Lair:6)
  10 hippogriffs
  A large abomination (Abyss:2)
  16 blink frogs
  A minotaur skeleton (Lab)
  12 spriggans (Lair:2)
  A shadow (D:12)
  A ynoxinul (Orc:2)
  3 redbacks (Lab)
  2 air elementals
  10 wyverns
  18 humans (D:13)
  46 yaks
  5 fire elementals
  A steam dragon (D:10)
  A chaos spawn (Orc:2)
  3 hungry ghosts
  A redback simulacrum (D:11)
  2 basilisks
  Grum (D:8)
  A neqoxec (Abyss:2)
  Menkaure (D:7)
  2 nagas (Lair:3)
  7 wargs
  6 insubstantial wisps (Abyss:2)
  A soldier ant (shapeshifter) (Elf:2)
  9 water moccasins
  2 acid dragons
  16 hell hounds
  12 porcupines
  4 ice beasts
  5 sky beasts
  12 black bears
  23 orc warriors
  2 eyes of draining
  4 phantoms
  A boggart (Elf:1)
  9 ogres
  11 centaurs
  33 wolves
  14 crocodiles
  5 big kobolds
  12 bullfrogs
  3 earth elementals
  2 scorpions
  59 killer bees
  5 wights (D:12)
  3 crimson imps
  4 centaur zombies
  A quasit (D:11)
  3 hounds
  5 jellies
  22 orc priests
  3 bullfrog zombies
  4 centaur skeletons
  15 orc wizards
  Jessica (D:2)
  A bullfrog skeleton (D:5)
  2 iguanas
  Natasha (thrice) (D:2)
  6 worker ants
  A hound zombie (D:10)
  A hound skeleton (D:11)
  A mummy (D:10)
  A worker ant zombie (D:11)
  Robin (D:2)
  16 adders
  3 shadow imps
  2 oozes
  A worm (D:2)
  A dart slug (D:1)
  9 leopard geckos
  87 orcs
  A ball python (D:2)
  5 giant cockroaches
  13 hobgoblins
  24 jackals
  2 quokkas
  9 bats
  5 frilled lizards
  17 goblins
  A jackal zombie (D:7)
  15 kobolds
  A leopard gecko zombie (D:6)
  A quokka skeleton (D:4)
  A quokka zombie (D:7)
  8 rats
982 creatures vanquished.

Vanquished Creatures (collateral kills)
  A deep elf blademaster (Elf:2)
  A deep elf sorcerer (Elf:1)
  A dancing weapon (Elf:2)
  A deep elf knight (Elf:2)
  3 deep elf magi (Elf:1)
7 creatures vanquished.

Vanquished Creatures (others)
  4 deep elf knights
  3 deep elf archers (Elf:2)
  An orc (Orc:2)
  7 fungi
  16 plants
  4 starspawn tentacles (Abyss:2)
35 creatures vanquished.

Grand Total: 1024 creatures vanquished

Notes
Turn   | Place    | Note
-------+----------+-------------------------------------------
     0 | D:1      | Delanovic the Gargoyle Fighter began the quest for the Orb.
     0 | D:1      | Reached XP level 1. HP: 14/14 MP: 1/1
   157 | D:1      | Reached XP level 2. HP: 14/19 MP: 2/2
   477 | D:1      | Reached XP level 3. HP: 21/24 MP: 3/3
  1230 | D:2      | Reached skill level 4 in Fighting
  1237 | D:2      | Noticed Jessica
  1245 | D:2      | Killed Jessica
  1245 | D:2      | Reached XP level 4. HP: 25/29 MP: 4/4
  1246 | D:2      | Found a shattered altar of Ashenzari.
  1286 | D:2      | Noticed Robin
  1311 | D:2      | Killed Robin
  1317 | D:2      | Reached XP level 5. HP: 28/34 MP: 5/5
  1488 | D:2      | Noticed Natasha
  1495 | D:2      | Killed Natasha
  1968 | D:2      | Noticed Natasha
  1980 | D:2      | Killed Natasha
  2027 | D:2      | Noticed Natasha
  2031 | D:2      | Killed Natasha
  2031 | D:2      | Reached XP level 6. HP: 25/40 MP: 6/6
  2614 | D:3      | Reached skill level 5 in Shields
  2688 | D:3      | Reached skill level 5 in Fighting
  3166 | D:4      | Noticed Menkaure
  5390 | D:5      | Entered Level 5 of the Dungeon
  6487 | D:5      | Found a sparkling altar of Nemelex Xobeh.
  6527 | D:5      | Reached XP level 7. HP: 40/45 MP: 7/7
  6886 | D:5      | Reached skill level 6 in Fighting
  6924 | D:5      | Reached skill level 5 in Maces & Flails
  8185 | D:6      | Reached XP level 8. HP: 47/52 MP: 8/8
  8210 | D:6      | Reached skill level 7 in Fighting
  8446 | D:6      | Noticed Grinder
  8474 | D:6      | Paralysed by Grinder for 2 turns
  8481 | D:6      | Killed Grinder
  8645 | D:7      | Killed Menkaure
  8645 | D:7      | Reached skill level 8 in Fighting
  8856 | D:7      | Found Himiud's Weapon Shoppe.
  8930 | D:7      | Found a staircase to the Ecumenical Temple.
  8988 | Temple   | Entered the Ecumenical Temple
  8995 | Temple   | Became a worshipper of the Shining One
  9302 | D:7      | Found an ornate altar of the Wu Jian Council.
  9305 | D:7      | Found a bloodstained altar of Trog.
  9319 | D:7      | Found a burning altar of Makhleb.
  9322 | D:7      | Found a deep blue altar of Sif Muna.
  9628 | D:8      | Reached XP level 9. HP: 57/60 MP: 5/9
  9681 | D:8      | Noticed Delanovic's ghost (novice NaFi)
  9711 | D:8      | Killed Delanovic's ghost
  9711 | D:8      | Reached skill level 9 in Fighting
 10104 | D:8      | Found a sacrificial altar of Ru.
 10240 | D:8      | Noticed Grum
 10272 | D:8      | Killed Grum
 10280 | D:8      | Reached skill level 10 in Fighting
 11248 | D:9      | Found Joaruyruity's General Store.
 11273 | D:9      | Reached XP level 10. HP: 66/68 MP: 5/10
 11482 | D:9      | Got a faintly humming ring mail
 11493 | D:9      | Identified the cursed +1 ring mail of Free Expression {rF+ Int+2} (You found it on level 9 of the Dungeon)
 11605 | D:9      | Reached skill level 5 in Armour
 11651 | D:9      | Noticed Delanovic's ghost (novice DgFi)
 11651 | D:9      | Reached * piety under the Shining One
 11684 | D:9      | Killed Delanovic's ghost
 11684 | D:9      | Reached skill level 1 in Evocations
 12273 | D:9      | Found a staircase to the Lair.
 12475 | D:10     | Entered Level 10 of the Dungeon
 12746 | D:10     | Noticed Erica
 12765 | D:10     | Killed Erica
 12765 | D:10     | Reached skill level 11 in Fighting
 12765 | D:10     | Reached skill level 10 in Maces & Flails
 13029 | D:10     | Reached XP level 11. HP: 53/74 MP: 14/14
 13363 | D:10     | Noticed a two-headed ogre
 13376 | D:10     | Killed a two-headed ogre
 13756 | D:11     | Found a staircase to the Orcish Mines.
 13757 | D:11     | Noticed a two-headed ogre
 13774 | D:11     | Killed a two-headed ogre
 13783 | D:10     | HP: 2/74 [killer bee (5)]
 14037 | D:11     | Identified the Grimoire of Terror
 14067 | D:11     | Noticed a purple ugly thing
 14069 | D:11     | Reached ** piety under the Shining One
 14107 | D:10     | Killed a purple ugly thing
 14512 | D:11     | Noticed a two-headed ogre
 14525 | D:11     | Killed a two-headed ogre
 14525 | D:11     | Reached skill level 12 in Fighting
 14772 | D:11     | Noticed a two-headed ogre
 14786 | D:11     | Noticed a two-headed ogre
 14794 | D:11     | Killed a two-headed ogre
 14800 | D:11     | Killed a two-headed ogre
 15091 | D:12     | Noticed a four-headed hydra
 15100 | D:12     | Killed a four-headed hydra
 15100 | D:12     | Reached XP level 12. HP: 65/82 MP: 15/15
 15647 | D:12     | Reached *** piety under the Shining One
 15667 | D:12     | Found a frozen archway.
 15675 | IceCv    | Entered an ice cave
 16107 | IceCv    | Noticed a death yak
 16140 | IceCv    | Killed a death yak
 16144 | IceCv    | Reached skill level 13 in Fighting
 16334 | IceCv    | Reached skill level 10 in Armour
 16986 | IceCv    | Gained mutation: Scrolls take you a little longer to read. [potion of mutation]
 16986 | IceCv    | Gained mutation: You evolve. [potion of mutation]
 16987 | IceCv    | Lost mutation: Scrolls take you a little longer to read. [potion of mutation]
 16987 | IceCv    | Lost mutation: You evolve. [potion of mutation]
 16987 | IceCv    | Gained mutation: Your flesh is heat resistant. (rF+) [potion of mutation]
 16987 | IceCv    | Gained mutation: Your body sometimes deteriorates upon taking damage. [potion of mutation]
 16987 | IceCv    | Gained mutation: You are partially covered in rugged brown scales. (AC +1, +3% HP) [potion of mutation]
 17077 | IceCv    | Noticed a death yak
 17098 | IceCv    | Killed a death yak
 17210 | IceCv    | Reached XP level 13. HP: 72/90 MP: 16/16
 17401 | IceCv    | Noticed a frost giant
 17437 | IceCv    | Killed a frost giant
 18155 | D:12     | Found a roughly hewn altar of Beogh.
 18468 | D:12     | Noticed Nergalle
 18480 | D:12     | Killed Nergalle
 18480 | D:12     | Reached skill level 14 in Fighting
 18783 | D:12     | Reached **** piety under the Shining One
 18887 | D:12     | Noticed Snorg
 18896 | D:12     | Killed Snorg
 19582 | D:13     | Reached ***** piety under the Shining One
 19583 | D:13     | Found a gate to the Vaults.
 19584 | D:13     | Noticed a vault guard
 19586 | D:13     | Noticed a vault guard
 19629 | D:12     | Killed a vault guard
 20038 | D:13     | Gained mutation: Your large and strong wings let you fly indefinitely. [Gargoyle growth]
 20038 | D:13     | Reached XP level 14. HP: 98/98 MP: 17/17
 20568 | D:14     | Noticed Roxanne
 20797 | Lair:1   | Entered Level 1 of the Lair of Beasts
 20932 | Lair:1   | Got a dazzling ring mail
 20943 | Lair:1   | Identified the +8 ring mail of the Great Game {Int+6} (You found it on level 1 of the Lair of Beasts)
 21204 | Lair:1   | Noticed Joseph
 21220 | Lair:1   | Killed Joseph
 22251 | Lair:2   | Reached skill level 10 in Shields
 22566 | Lair:2   | Reached skill level 5 in Invocations
 23309 | Lair:2   | Reached skill level 15 in Fighting
 23393 | Lair:3   | Found a labyrinth entrance.
 23440 | Lab      | Entered a labyrinth
 26237 | Lair:3   | Found a staircase to the Snake Pit.
 27075 | Lair:4   | Found a staircase to the Shoals.
 27550 | Lair:4   | Reached XP level 15. HP: 98/106 MP: 19/19
 27831 | Lair:5   | Found a staircase to the Slime Pits.
 27862 | Lair:5   | Noticed Rupert
 27885 | Lair:5   | Killed Rupert
 27939 | Lair:5   | Noticed Delanovic's ghost (journeyman DDFi)
 27971 | Lair:5   | Killed Delanovic's ghost
 28978 | Lair:6   | Entered Level 6 of the Lair of Beasts
 29499 | Lair:6   | Reached ****** piety under the Shining One
 30159 | Lair:6   | Reached skill level 16 in Fighting
 30304 | Lair:6   | Found a runed door.
 31221 | Orc:1    | Entered Level 1 of the Orcish Mines
 31677 | Orc:2    | Entered Level 2 of the Orcish Mines
 31740 | Orc:2    | Found Xompo's General Store.
 31758 | Orc:2    | Reached XP level 16. HP: 81/113 MP: 22/22
 31776 | Orc:2    | Found Gopi's General Store.
 32173 | Orc:2    | Bought a scroll of identify for 30 gold pieces
 32177 | Orc:2    | Bought a potion of heal wounds for 70 gold pieces
 32203 | Orc:2    | Bought a +3 ring of protection for 294 gold pieces
 32216 | Orc:2    | Found a staircase to the Elven Halls.
 32753 | Orc:2    | Reached skill level 5 in Evocations
 32853 | Orc:2    | Found Nibef's Gadget Boutique.
 32853 | Orc:2    | Found Toudib's Antique Weapon Shop.
 32854 | Orc:2    | Found a one-way gate leading to the halls of Pandemonium.
 32854 | Orc:2    | Paralysed by an orc sorcerer for 4 turns
 32860 | Orc:2    | Paralysed by an orc sorcerer for 7 turns
 33584 | Elf:1    | Entered Level 1 of the Elven Halls
 34155 | Elf:1    | Cast into level 2 of the Abyss (a wizard)
 34155 | Abyss:2  | Found a corrupted altar of Lugonu.
 34330 | Abyss:2  | Noticed a tentacled starspawn
 34355 | Elf:1    | Escaped the Abyss
 34380 | Elf:1    | Reached skill level 10 in Invocations
 34678 | Elf:1    | Noticed icedog's ghost (journeyman GnWr)
 34742 | Elf:1    | Killed icedog's ghost
 34962 | Elf:1    | Noticed Azrael
 34988 | Elf:1    | Killed Azrael
 35158 | Elf:1    | Reached XP level 17. HP: 119/119 MP: 24/24
 35425 | Elf:1    | Reached skill level 15 in Armour
 35515 | Elf:1    | Reached skill level 17 in Fighting
 36288 | Elf:2    | Found a runed gate.
 36288 | Elf:2    | Found a runed gate.
 36289 | Elf:2    | Found a runed gate.
 36838 | Elf:2    | Noticed Agnes
 36863 | Elf:2    | Killed Agnes
 37124 | Elf:2    | Noticed a deep elf blademaster
 37144 | Elf:2    | Killed a deep elf blademaster
 37741 | Elf:3    | Entered Level 3 of the Elven Halls
 37939 | Elf:3    | Found Kesuewif's Antique Weapon Emporium.
 38219 | Elf:3    | Reached XP level 18. HP: 93/127 MP: 22/26
 38229 | Elf:3    | Noticed Howlingfantods's ghost (adept MiFi)
 38458 | Elf:3    | Noticed a Hell Sentinel
 38475 | Elf:3    | Killed from afar by a Hell Sentinel

Skill      XL: |  1  2  3  4  5  6  7  8  9 10 11 12 13 14 15 16 17 |
---------------+----------------------------------------------------+-----
Fighting       | 4 5 6 8 10 11 12 13 14 15 16 17 | 17.6
Shields        | 4 5 7 9 10 12 13 14 | 14.1
Maces & Flails | 3 4 5 7 9 10 11 12 13 14 | 14.0
Armour         | 4 6 9 10 11 13 14 15 | 15.7
Invocations    | 4 6 8 10 11 | 11.8
Evocations     | 3 4 6 8 |  8.3

Action                   |  1- 3 |  4- 6 |  7- 9 | 10-12 | 13-15 | 16-18 || total
-------------------------+-------+-------+-------+-------+-------+-------++-------
Melee: Flail             |   148 |   132 |       |       |       |       ||   280
       Mace              |       |   185 |   325 |   861 |    85 |       ||  1456
       Morningstar       |       |       |       |       |  1667 |  1249 ||  2916
Invok: Divine Shield     |       |       |       |       |     5 |    19 ||    24
       Cleansing Flame   |       |       |       |       |     1 |     1 ||     2
       Summon Divine War |       |       |       |       |       |     2 ||     2
 Abil: Evoke Berserk Rag |       |       |       |     6 |     3 |       ||     9
Evoke: Wand              |       |       |     7 |     8 |    15 |     1 ||    31
  Use: Potion            |       |     3 |     1 |     6 |     7 |     4 ||    21
       Scroll            |       |     4 |     5 |    10 |    22 |     3 ||    44
  Eat: Chunk             |     1 |    12 |     6 |    21 |    38 |    15 ||    93
       Ration            |       |     2 |     2 |     2 |     5 |     3 ||    14
Armor: Scale mail        |   138 |   194 |   114 |     7 |       |       ||   453
       Ring mail         |       |       |       |   522 |   985 |   116 ||  1623
       Plate armour      |       |       |       |       |       |   270 ||   270
Dodge: Dodged            |    73 |   101 |    67 |   240 |   375 |    99 ||   955
       Deflected         |       |       |       |       |     7 |    19 ||    26
Block: Shield            |   128 |   213 |   139 |    81 |       |       ||   561
       Large shield      |       |       |       |   654 |  1815 |  1266 ||  3735
       Reflection        |       |       |       |       |       |    67 ||    67
